 Dungeon Crawl Stone Soup version 0.19.1 (webtiles) character file.

8681 Dexyn the Bludgeoner (level 11, -19/84 HPs)
             Began as a Minotaur Berserker on Dec 14, 2016.
             Was an Elder of Trog.
             Demolished by a hill giant
             ... wielding a cursed -3 giant spiked club
              (25 damage)
             ... on level 10 of the Dungeon on Dec 19, 2016.
             The game lasted 01:09:58 (10497 turns).

Dexyn the Bludgeoner (Minotaur Berserker)          Turns: 10497, Time: 01:09:59

Health: -19/84     AC: 12    Str: 30    XL:     11   Next: 13%
Magic:  10/10      EV: 11    Int:  4    God:    Trog [****..]
Gold:   552        SH:  0    Dex: 10    Spells: 0 memorised, 10 levels left

rFire  + . .     SeeInvis .     K - +2 flail (drain)
rCold  + . .     Gourm    .     A - +2 ring mail {rF+}
rNeg   . . .     Faith    .     (no shield)
rPois  .         Spirit   .     (helmet restricted)
rElec  .         Reflect  .     Z - +2 cloak
rCorr  .         Harm     .     F - +0 pair of gloves
MR     .....                    t - +0 pair of boots
Stlth  +.........               m - amulet of magic regeneration
                                S - ring of stealth
                                h - ring of protection from cold

@: mighty, lethally poisoned (-19 -> -25), exhausted, slowed, studying
Spellcasting, very slow
A: retaliatory headbutt, horns 2
a: Berserk, Trog's Hand, Brothers in Arms, Burn Spellbooks, Renounce Religion


You were on level 10 of the Dungeon.
You worshipped Trog.
Trog was greatly pleased with you.
You were not hungry.

You visited 1 branch of the dungeon, and saw 10 of its levels.

You collected 552 gold pieces.

Inventory:

Hand Weapons
 c - a +3 flail
 H - a +4 mace
 I - a +1 vampiric halberd
 K - a +2 flail of draining (weapon)
 U - a +0 mace
Missiles
 d - 90 bolts
 v - 18 javelins (quivered)
Armour
 a - the +0 leather armour "Reuhueq" {+Blink Stlth+}
   (You found it on level 6 of the Dungeon)

   It lets you blink.
   It makes you more stealthy.
 t - a +0 pair of boots (worn)
 w - a +2 ring mail of positive energy
 A - a +2 ring mail of fire resistance (worn)
 F - a +0 pair of gloves (worn)
 N - a +1 chain mail of fire resistance
 T - a +1 leather armour of poison resistance
 Z - a +2 cloak (worn)
Jewellery
 h - a ring of protection from cold (left hand)
 m - an amulet of magic regeneration (around neck)
 S - a ring of stealth (right hand)
Wands
 e - a wand of disintegration (16/24)
 x - a wand of slowing (39/48)
 G - a wand of flame (10/48)
 Q - a wand of random effects (22/48)
 V - a wand of flame (14/48)
Scrolls
 b - 6 scrolls of remove curse
 g - a scroll of enchant armour {unknown}
 i - a scroll of magic mapping {unknown}
 j - 2 scrolls of recharging
 l - a scroll of fog {unknown}
 o - 2 scrolls of immolation {unknown}
 p - 2 scrolls of teleportation {unknown}
 y - 2 scrolls of random uselessness {unknown}
 C - 2 scrolls of enchant weapon {unknown}
 J - a scroll of fear
 M - a scroll of holy word {unknown}
 Y - a scroll of identify
Potions
 f - a potion of agility {unknown}
 k - 5 potions of haste {unknown}
 n - a potion of ambrosia {unknown}
 q - a potion of heal wounds {unknown}
 s - 5 potions of invisibility {unknown}
 u - 2 potions of lignification {unknown}
 z - 4 potions of mutation {unknown}
 B - 2 potions of curing {unknown}
 D - 2 potions of brilliance {unknown}
 E - 2 potions of magic {unknown}
 L - a potion of berserk rage {unknown}
 W - 2 potions of might
 X - a potion of degeneration {unknown}
Books
 r - a book of Frost

   Spells                             Type                      Level
   a - Freeze                         Ice                          1
   b - Throw Frost                    Conjuration/Ice              2
   c - Ozocubu's Armour               Charms/Ice                   3
   d - Throw Icicle                   Conjuration/Ice              4
   e - Summon Ice Beast               Ice/Summoning                4
   Trog disapproves of the use of such an item.
 O - a manual of Spellcasting Trog disapproves of the use of such an item.
Miscellaneous
 R - a fan of gales (inert)


   Skills:
 - Level 4.1 Fighting
 * Level 18.9 Maces & Flails
 - Level 2.4 Armour
 - Level 2.3 Dodging
 + Level 0.1 Evocations


You had 10 spell levels left.
You didn't know any spells.

Dungeon Overview and Level Annotations

Branches:
Dungeon (10/15)            Temple (0/1) D:6            Lair (0/6) D:10
    Orc: D:9-12

Altars:

Shops:
D:4 =   D:5 }   D:6 }

Portals:
Trove: D:10 (give +7 demon whip)


Innate Abilities, Weirdness & Mutations

You reflexively headbutt those who attack you in melee.
You have a pair of horns on your head.


Message History

The spectral orc knight hits you but does no damage.
Space bends around you.
* * * LOW HITPOINT WARNING * * *
The spectral orc warlord hits you but does no damage.
Your ring mail prevents you from hitting Nergalle.
You headbutt Nergalle!
You kill Nergalle!
Trog accepts your kill.
Trog appreciates your killing of a magic user.
The spectral orc warrior disappears in a puff of smoke!
The spectral orc warlord disappears in a puff of smoke!
The spectral orc knight disappears in a puff of smoke!
* * * LOW HITPOINT WARNING * * *
You feel sick. The killer bee closely misses you.
You barely miss the killer bee.
The killer bee is almost dead.
* * * LOW HITPOINT WARNING * * *
You feel sick. The killer bee closely misses you.
The hill giant hits you with a giant spiked club!!
You die...

###..#
#..(...........o..#
.....#
#.###.............#
.....# #.#
#.............#
.....#####.#
#<........#####
...........#
#.........#
....#####..#
#........?# ....#
#..# #.........#
....# #..#
#...C.....# ....#
#..# #..@y§....#
....# #..#
#...§...††# ....#
#..# #.........#
....# #..#
#.........# ....#
#..# #.........#
....# #..#
#........... ....#
#..# #..##........
....# #..# #..
#........ ....#
#..#


You could see a hill giant and a killer bee.

Vanquished Creatures
  A centaur warrior (D:8)
  Nergalle (D:10)
  2 hill giants
  A gargoyle (D:10)
  A hippogriff (D:7)
  Sigmund (D:4)
  A wyvern (D:9)
  A steam dragon (D:8)
  A basilisk (D:10)
  A hungry ghost (D:6)
  A mottled dragon (D:8)
  3 water moccasins
  2 orc warriors
  2 sky beasts
  A necrophage (D:10)
  3 ogres
  7 centaurs
  2 phantoms
  A big kobold (D:6)
  2 gnoll sergeants
  8 bullfrogs
  A wyvern zombie (D:7)
  A water moccasin zombie (D:9)
  2 scorpions (D:10)
  13 killer bees
  6 howler monkeys
  A bullfrog zombie (D:6)
  A crimson imp (D:8)
  A jelly (D:10)
  A centaur zombie (D:8)
  2 bullfrog skeletons
  13 orc wizards
  5 orc priests
  2 hounds
  5 centaur skeletons
  2 iguanas
  12 worker ants
  A killer bee zombie (D:6)
  2 hound zombies
  3 hound skeletons
  2 worker ant zombies
  Robin (D:4)
  2 howler monkey zombies
  10 gnolls
  14 adders
  2 river rats (D:10)
  A shadow imp (D:9)
  3 oozes
  3 adder skeletons
  2 worms
  2 dart slugs
  8 leopard geckos
  43 orcs
  8 bats
  2 giant cockroaches
  13 goblins
  11 hobgoblins
  8 jackals (D:4)
  15 kobolds
  5 quokkas
  A ball python skeleton (D:4)
  3 frilled lizards
  A quokka skeleton (D:4)
  13 rats
  A bush (D:6)
  11 fungi (D:10)
  15 plants
317 creatures vanquished.

Vanquished Creatures (others)
  An orc wizard (D:7)
  An orc (D:9)
2 creatures vanquished.

Grand Total: 319 creatures vanquished

Notes
Turn   | Place    | Note
-------+----------+-------------------------------------------
     0 | D:1      | Dexyn the Minotaur Berserker began the quest for the Orb.
     0 | D:1      | Reached XP level 1. HP: 19/19 MP: 0/0
    83 | D:1      | Reached skill level 4 in Maces & Flails
   200 | D:1      | Reached XP level 2. HP: 21/27 MP: 1/1
  1070 | D:2      | Reached XP level 3. HP: 32/33 MP: 2/2
  1187 | D:2      | Reached ** piety under Trog
  1286 | D:2      | Reached skill level 5 in Maces & Flails
  1935 | D:3      | Reached XP level 4. HP: 40/40 MP: 3/3
  1991 | D:3      | Noticed an ogre
  1996 | D:3      | Killed an ogre
  1996 | D:3      | Reached skill level 6 in Maces & Flails
  1996 | D:3      | Reached XP level 5. HP: 35/46 MP: 4/4
  2191 | D:3      | HP: 2/46 [orc/trident (7)]
  2192 | D:3      | Reached skill level 7 in Maces & Flails
  2924 | D:4      | Reached XP level 6. HP: 45/52 MP: 5/5
  3037 | D:4      | Noticed Sigmund
  3078 | D:4      | Killed Sigmund
  3078 | D:4      | Reached skill level 8 in Maces & Flails
  3405 | D:4      | Reached skill level 9 in Maces & Flails
  3597 | D:4      | Found Cuirat's Jewellery Shoppe.
  3681 | D:4      | Reached *** piety under Trog
  3681 | D:4      | Reached XP level 7. HP: 53/59 MP: 6/6
  3827 | D:4      | Noticed Robin
  3842 | D:4      | Killed Robin
  3842 | D:4      | Reached skill level 10 in Maces & Flails
  4208 | D:5      | Entered Level 5 of the Dungeon
  4673 | D:5      | Reached skill level 11 in Maces & Flails
  4714 | D:5      | Found Tenumel's Quality Used Wands.
  5304 | D:6      | Reached XP level 8. HP: 64/66 MP: 7/7
  5449 | D:6      | Found Diciz's Gadget Shoppe.
  5454 | D:6      | Found a staircase to the Ecumenical Temple.
  5507 | D:6      | Reached skill level 12 in Maces & Flails
  5850 | D:6      | Got a shimmering leather armour
  5861 | D:6      | Identified the +0 leather armour "Reuhueq" {+Blink Stlth+} (You found it on level 6 of the Dungeon)
  6121 | D:7      | Noticed a hippogriff
  6129 | D:7      | Killed a hippogriff
  6129 | D:7      | Reached skill level 13 in Maces & Flails
  6206 | D:7      | Reached XP level 9. HP: 71/71 MP: 8/8
  6309 | D:7      | Reached skill level 14 in Maces & Flails
  6333 | D:7      | HP: 3/71 [poisoned by a killer bee]
  7227 | D:8      | Reached skill level 15 in Maces & Flails
  7398 | D:8      | Found a large runed door.
  7401 | D:8      | Found a large runed door.
  7701 | D:8      | Reached skill level 16 in Maces & Flails
  7987 | D:8      | Found a large runed door.
  7988 | D:8      | Found a large runed door.
  7999 | D:8      | Reached XP level 10. HP: 78/78 MP: 9/9
  8003 | D:8      | Noticed a hill giant
  8013 | D:8      | Killed a hill giant
  8379 | D:8      | Noticed a centaur warrior
  8391 | D:8      | Killed a centaur warrior
  8391 | D:8      | Reached skill level 17 in Maces & Flails
  8504 | D:9      | Reached **** piety under Trog
  9539 | D:10     | Entered Level 10 of the Dungeon
  9561 | D:10     | Reached skill level 18 in Maces & Flails
  9622 | D:10     | Found a staircase to the Lair.
  9770 | D:10     | Noticed a hill giant
  9778 | D:10     | Killed a hill giant
  9825 | D:10     | Found a portal to a secret trove of treasure.
 10418 | D:10     | Noticed a gargoyle
 10428 | D:10     | Killed a gargoyle
 10428 | D:10     | Reached XP level 11. HP: 75/84 MP: 10/10
 10470 | D:10     | Noticed Nergalle
 10478 | D:10     | Noticed a hill giant
 10493 | D:10     | Noticed a spectral orc warlord
 10496 | D:10     | Killed Nergalle
 10497 | D:10     | Demolished by a hill giant

Skill      XL: |  1  2  3  4  5  6  7  8  9 10 |
---------------+-------------------------------+-----
Maces & Flails | 4 5 6 7 9 11 13 16 18 | 18.9
Fighting       | 4 |  4.1
Armour         | |  2.4
Dodging        | |  2.3
Evocations     | |  0.1

Action                   |  1- 3 |  4- 6 |  7- 9 | 10-12 || total
-------------------------+-------+-------+-------+-------++-------
Melee: Mace              |    78 |    91 |   311 |       ||   480
       Headbutt          |    12 |    13 |   102 |   107 ||   234
       Flail             |       |       |   103 |   361 ||   464
Invok: Berserk           |     1 |       |     9 |    11 ||    21
       Trog's Hand       |       |       |    18 |    10 ||    28
       Brothers in Arms  |       |       |       |     1 ||     1
Evoke: Fan of gales      |       |       |       |     1 ||     1
  Use: Scroll            |     5 |     4 |     3 |     1 ||    13
       Potion            |       |     1 |       |     2 ||     3
  Eat: Bread ration      |     1 |     1 |     2 |     1 ||     5
       Pizza             |     1 |     2 |       |     2 ||     5
       Meat ration       |       |       |     2 |     1 ||     3
       Chunk             |       |       |     6 |     9 ||    15
       Beef jerky        |       |       |     1 |     1 ||     2
       Royal jelly       |       |       |       |     1 ||     1
Armor: Animal skin       |    11 |    13 |       |       ||    24
       Ring mail         |       |     1 |   101 |    80 ||   182
Dodge: Dodged            |    67 |    57 |   203 |   126 ||   453
